 Dungeon Crawl Stone Soup version 0.30-a0-118-ga018f8e90f (webtiles) character file.

Game seed: 8754739325531723062

14868 Ofeo the Fighter (level 11, -8/87 HPs)
             Began as a Palentonga Delver on Sept 14, 2022.
             Was a Believer of Qazlal.
             Mangled by a sun demon (19 damage)
             ... in a volcano.
             The game lasted 00:23:06 (13968 turns).

Ofeo the Fighter (Palentonga Delver)               Turns: 13968, Time: 00:23:06

Health: -8/87      AC: 37    Str: 20    XL:     11   Next: 94%
Magic:  0/14       EV:  8    Int: 13    God:    Qazlal [**....]
Gold:   137        SH:  3    Dex: 24    Spells: 10/10 levels left

rFire   + . .      SeeInvis +    C - +9 halberd of Revolt {protect, Dex+3}
rCold   . . .      Faith    .    (shield currently unavailable)
rNeg    . . .      Spirit   +    Q - +3 chain mail {rF+}
rPois   .          Reflect  .    (helmet restricted)
rElec   .          Harm     .    v - +2 cloak
rCorr   .          Rampage  .    p - +1 pair of gloves
Will    .....                    f - +0 barding of Guqaomuo {Regen+ Int+2 Dex+6}
Stlth   +.........               b - amulet of guardian spirit
HPRegen 1.04/turn                j - +4 ring of protection
MPRegen 0.14/turn                r - +4 ring of slaying

@: mighty, under a protective aura, curled up
A: large, rugged brown scales 3, see invisible, deformed body, roll 1, armoured
tail, reflexive curl, horns 1, agile 1, frail 1
a: Rolling Charge, Renounce Religion, Upheaval


You were in a volcano.
You worshipped Qazlal.
Qazlal was pleased with you.
You visited 3 branches of the dungeon, and saw 14 of its levels.
You also visited: Volcano.

You collected 774 gold pieces.
You spent 637 gold pieces at shops.

Inventory:

Hand Weapons
 a - a +1 arbalest
 C - the +9 halberd of Revolt (weapon) {protect, Dex+3}
   (You bought it in a shop on level 3 of the Dungeon)

   It grants its wielder temporary protection when it strikes (+7 to AC).
   Dex:       It affects your dexterity (+3).
Missiles
 O - 2 boomerangs of dispersal
 R - 2 throwing nets
Armour
 f - the +0 barding of Guqaomuo (worn) {Regen+ Int+2 Dex+6}
   (You acquired it on level 5 of the Dungeon)

   Int:       It affects your intelligence (+2).
   Dex:       It affects your dexterity (+6).
   Regen:     It increases your rate of health regeneration.
 p - a +1 pair of gloves (worn)
 t - a scarf of invisibility
 u - a +2 helmet
 v - a +2 cloak (worn)
 K - +0 acid dragon scales
 Q - a +3 chain mail of fire resistance (worn)
Jewellery
 b - an amulet of guardian spirit (around neck)
 j - a +4 ring of protection (left hand)
 r - a +4 ring of slaying (right hand)
 x - a ring of magical power
 F - a ring of protection from cold
 G - a ring of protection from fire
 S - a +4 ring of protection
 T - a ring of poison resistance
Wands
 g - a wand of digging (3) {@v1}
 y - a wand of iceblast (3) {@v4}
 I - a wand of charming (2)
Scrolls
 c - 3 scrolls of fog
 d - 4 scrolls of magic mapping
 e - 4 scrolls of fear
 i - 2 scrolls of identify {@r1}
 o - 4 scrolls of immolation
 s - 2 scrolls of silence
 w - a scroll of summoning
 z - 7 scrolls of teleportation {@r3}
 A - 3 scrolls of blinking {@r4}
 D - 3 scrolls of amnesia
 E - 3 scrolls of torment
 H - 2 scrolls of enchant armour
 P - a scroll of noise
 U - a scroll of enchant weapon
Potions
 h - a potion of heal wounds {@q2}
 k - 7 potions of flight
 l - a potion of resistance {unknown}
 n - 4 potions of attraction
 q - 6 potions of curing {@q1}
 B - 4 potions of brilliance
 J - a potion of berserk rage {unknown}
 L - a potion of might {@q4}
 M - 3 potions of cancellation
Miscellaneous
 m - a tin of tremorstones (2/2)
 N - a phial of floods


   Skills:
 + Level 10.1 Fighting
 - Level 6.2(7.5) Axes
 - Level 2.7(5.3) Maces & Flails
 + Level 5.3(6.8) Polearms
 - Level 3.0(5.2) Staves
 + Level 8.3 Dodging
 + Level 8.2 Stealth
 + Level 4.1 Invocations


You had 10 spell levels left.
You didn't know any spells.
Your spell library contained the following spells:

 Spells                   Type           Power      Damage    Failure   Level
 Apportation              Tloc           0%         N/A       98%         1
 Foxfire                  Conj/Fire      0%         2x1d4     98%         1
 Freeze                   Ice            0%         1d3       98%         1
 Blink                    Tloc           0%         N/A       99%         2
 Static Discharge         Conj/Air       0%         3-3/arc   99%         2
 Call Canine Familiar     Summ           0%         N/A       100%        3
 Confusing Touch          Hex            0%         N/A       100%        3
 Frozen Ramparts          Ice            0%         1d1       100%        3
 Inner Flame              Hex/Fire       0%         N/A       100%        3
 Kindle Blastsparks       Fire/Tloc/Air  0%         2d10      100%        3
 Lesser Beckoning         Tloc           0%         N/A       100%        3
 Dispel Undead            Necr           0%         3d6       100%        4
 Flame Wave               Conj/Fire      0%         2d4       100%        4
 Hailstorm                Conj/Ice       0%         3d3       100%        4
 Manifold Assault         Tloc           0%         N/A       100%        4
 Petrify                  Tmut/Erth      0%         N/A       100%        4
 Sticky Flame             Conj/Fire      0%         2d3       100%        4
 Summon Lightning Spire   Summ/Air       0%         N/A       100%        4
 Alistair's Intoxication  Tmut/Pois      0%         N/A       100%        5
 Yara's Violent Unravell  Hex/Tmut       0%         3d3       100%        5
 Summon Cactus Giant      Summ           0%         N/A       100%        6
 Enfeeble                 Hex            0%         N/A       100%        7
 Haunt                    Necr/Summ      0%         N/A       100%        7
 Storm Form               Tmut/Air       0%         N/A       100%        7
 Maxwell's Capacitive Co  Air            0%         ∞         100%        8


Dungeon Overview and Level Annotations

Branches:
Dungeon (12/15)            Temple (1/1) D:7            Lair (1/5) D:9
    Orc (0/2) D:12        Volcano (1/1)

Altars:
Ashenzari
Cheibriados
Dithmenos
Elyvilon
Fedhas
Gozag
Hepliaklqana
Kikubaaqudgha
Makhleb
Nemelex Xobeh
Okawaru
Qazlal
Ru
Sif Muna
Trog
Uskayaw
Vehumet
Wu Jian
Xom
Yredelemnul
Zin
The Shining One

Shops:
D:3 (!   D:6 (   D:11 ?*

Annotations:
D:12 Snorg
Lair:1 3 runed translucent doors, NinjaNoafa's ghost, novice GrMo


Innate Abilities, Weirdness & Mutations

You are completely covered in rugged brown scales. (AC +3, +7% HP)
You have supernaturally acute eyesight. (SInv)
Armour fits poorly on your strangely shaped body.
You can roll at nearby foes to attack.
You have a long armoured tail.
You curl defensively after being hit. (AC +7*)
You have a pair of small horns on your head.
You are agile. (Dex +4, Str/Int -1)
You are frail. (-10% HP)


Message History

You take 18 damage, and have 11/96 hp.
You now have 2/14 mp.
Okay, then.
Blink to where?
Press: ? - help, Dir - move target, p - sun demon
As you read the scroll of blinking {@r4}, it crumbles to dust.
It was a potion of heal wounds.
You feel much better.
h - a potion of heal wounds;
v - a +2 cloak (worn)
You regained 23 hp, and now have 41/96 hp.
Aiming: Upheaval
Press: ? - help, Dir - move target, f - sun demon
Aim: a sun demon (moderately wounded)
A storm cloud blasts the area with cutting wind!
The cutting wind hits the sun demon!
The sun demon is heavily wounded.
You now have 1/14 mp.
It was a potion of mutation.
You feel extremely strange.
You feel agile. A pair of horns grows on your head!
Your +2 helmet falls away!
You feel frail. The smoke demon gestures at you. Something smites you!
You take 13 damage, and have 29/87 hp.
You now have 0/14 mp.
Unknown command.
Okay, then.
You are too injured to fight recklessly!
You closely miss the sun demon.
The sun demon is heavily wounded.
The sun demon hits you but does no damage.
Unknown command.
You regained 2 hp, and now have 32/87 hp.
You puncture the sun demon!
Your weapon exudes an aura of protection.
Your headbutt misses the sun demon. You tail-slap the sun demon.
The sun demon is severely wounded.
The sun demon hits you!
* * * LOW HITPOINT WARNING * * *
You are engulfed in flames.
You resist.
* * * LOW HITPOINT WARNING * * *
The sun demon hits you!!
You die...

#... #§§§...#......≈#
#......≈.......#
#≈.†...........#
###......#.......#
##..3..#####......#
#....†## #≈......#
#....[# ###.....#
##..33# ##......##
#..@○####......##
#.°§.†#.......##
##....†......###
###.....#......#
###.....###......# ###
###.......##......##
##∩###........###.....##
##...##.......####....##
#..∩..#......## #....##


You could see 2 sun demons and a smoke demon.

Vanquished Creatures
  Harold (D:9)
  2 two-headed ogres
  2 sun demons (Volcano)
  Urug (Lair:1)
  2 smoke demons (Volcano)
  A cane toad (Lair:1)
  A kobold demonologist (D:10)
  An unseen horror (D:11)
  2 trolls (D:10)
  2 hornets (D:10)
  Grinder (D:5)
  A shadow (D:11)
  Sigmund (D:5)
  2 wyverns (D:9)
  3 wraiths
  11 yaks
  A basilisk (Lair:1)
  Grum (D:9)
  7 steam dragons
  3 hell hounds (Volcano)
  2 acid dragons
  3 water moccasins
  3 orc warriors
  A sky beast (D:7)
  2 ice beasts
  3 ogres
  3 black bears
  4 wolves (D:9)
  7 centaurs
  A phantom (D:5)
  A kobold brigand (D:10)
  3 bullfrogs
  2 gnoll sergeants
  3 scorpions
  4 wights (D:8)
  7 killer bees
  8 electric eels
  A howler monkey (D:10)
  2 jellies
  5 hounds
  4 orc priests
  Crazy Yiuf (D:4)
  15 orc wizards
  An iguana (D:6)
  8 adders
  8 gnolls
  2 shadow imps
  3 white imps
  An ufetubus (D:5)
  A worm (D:3)
  3 dart slugs
  28 orcs
  14 endoplasms
  11 giant cockroaches
  7 goblins (D:2)
  9 hobgoblins
  11 jackals
  3 quokkas
  7 ball pythons
  3 bats
  6 frilled lizards
  12 kobolds
  8 rats
277 creatures vanquished.

Vanquished Creatures (others)
  3 plants
3 creatures vanquished.

Grand Total: 280 creatures vanquished

Notes
Turn   | Place    | Note
-------+----------+-------------------------------------------
     0 | D:5      | Ofeo the Palentonga Delver began the quest for the Orb.
     0 | D:5      | Reached XP level 1. HP: 19/19 MP: 1/1
    13 | D:5      | Noticed a phantom
   270 | D:2      | Reached XP level 2. HP: 17/25 MP: 2/2
   281 | D:2      | Reached XP level 3. HP: 16/31 MP: 3/3
   768 | D:2      | Identified the +5 spear "Qanopp" {vorpal, *Corrode rElec
                  | rC- Int+5 Dex+2}
  1126 | D:2      | Reached XP level 4. HP: 32/37 MP: 4/4
  2295 | D:1      | Found a faded altar of an unknown god.
  3100 | D:3      | Reached skill level 1 in Axes
  3100 | D:3      | Reached XP level 5. HP: 32/38 MP: 5/5
  3794 | D:3      | Reached skill level 4 in Fighting
  3867 | D:3      | Found Ruhoplos's Antique Weapon Emporium.
  3870 | D:3      | Bought a twisted halberd for 225 gold pieces
  3870 | D:3      | Identified the +9 halberd of Revolt {protect, Dex+3} (You
                  | bought it in a shop on level 3 of the Dungeon)
  4168 | D:3      | Reached XP level 6. HP: 49/51 MP: 4/6
  4210 | D:3      | Found Ulorch's Distillery.
  5570 | D:4      | Found a runed translucent door.
  5571 | D:4      | Noticed Crazy Yiuf
  5635 | D:4      | Killed Crazy Yiuf
  5636 | D:4      | Gained mutation: You curl defensively after being hit. (AC
                  | +7*) [Palentonga growth]
  5636 | D:4      | Reached XP level 7. HP: 58/58 MP: 7/7
  5840 | D:5      | Identified a scroll of acquirement
  5840 | D:5      | Acquired the +0 barding of Guqaomuo {Regen+ Int+2 Dex+6}
  6076 | D:5      | Reached skill level 5 in Fighting
  6128 | D:5      | Noticed Sigmund
  6130 | D:5      | Killed Sigmund
  6288 | D:5      | Noticed Grinder
  6302 | D:5      | Killed Grinder
  6303 | D:5      | Reached skill level 5 in Stealth
  6303 | D:5      | Reached XP level 8. HP: 52/67 MP: 5/8
  6546 | D:5      | Found a shadowy altar of Dithmenos.
  6734 | D:6      | Reached skill level 6 in Fighting
  6959 | D:6      | Identified the +1 leather armour "Afiuj" {rC- Str+5}
  7109 | D:6      | Reached skill level 5 in Axes
  7154 | D:6      | Found Popto's Weapon Shoppe.
  7582 | D:7      | Reached skill level 5 in Dodging
  7588 | D:7      | Reached XP level 9. HP: 59/75 MP: 7/9
  7599 | D:7      | Reached skill level 7 in Fighting
  7784 | D:7      | Found a staircase to the Ecumenical Temple.
  7836 | Temple   | Entered the Ecumenical Temple
  8008 | Temple   | Became a worshipper of Qazlal Stormbringer
  8207 | D:7      | You fall into a shaft and drop 3 floors!
  8207 | D:10     | Entered Level 10 of the Dungeon
  8306 | D:10     | Noticed a two-headed ogre
  8313 | D:10     | Killed a two-headed ogre
  8360 | D:10     | Noticed a kobold demonologist
  8361 | D:10     | Reached XP level 10. HP: 79/85 MP: 8/10
  8365 | D:10     | Noticed a sun demon
  8370 | D:10     | Noticed a soul eater
  8396 | D:10     | Reached skill level 8 in Fighting
  8615 | D:9      | Noticed a two-headed ogre
  8617 | D:9      | Killed a two-headed ogre
  8618 | D:9      | Reached skill level 1 in Polearms
  8704 | D:7      | Reached * piety under Qazlal
  9817 | D:8      | Found an iron altar of Okawaru.
 10541 | D:9      | Got Qotsaq's Octavo of the Voltaic Lithosphere
 10790 | D:9      | Reached skill level 9 in Fighting
 10992 | D:9      | Noticed Grum
 11013 | D:9      | Reached XP level 11. HP: 95/95 MP: 11/11
 11036 | D:9      | Reached ** piety under Qazlal
 11060 | D:9      | Killed Grum
 11089 | D:9      | Found a staircase to the Lair.
 11797 | D:10     | Noticed Harold
 11867 | D:9      | Killed Harold
 11868 | D:9      | Reached skill level 1 in Invocations
 12322 | D:11     | Got the Compilation of the Commander
 12378 | D:11     | Found Wiolu's Magic Scroll Shop.
 12381 | D:11     | Bought a scroll of blinking for 127 gold pieces
 12602 | D:11     | Found Ybirud's Assorted Antiques.
 12853 | D:11     | Found a shimmering blue altar of Sif Muna.
 12916 | D:11     | Bought a scroll of blinking for 285 gold pieces
 13366 | D:12     | Found a staircase to the Orcish Mines.
 13367 | D:12     | Noticed Snorg
 13406 | Lair:1   | Entered Level 1 of the Lair of Beasts
 13512 | Lair:1   | Noticed a minotaur
 13512 | Lair:1   | Noticed NinjaNoafa's ghost (novice GrMo)
 13541 | Lair:1   | Noticed Urug
 13544 | Lair:1   | Killed Urug
 13617 | Lair:1   | Found a runed translucent gate.
 13617 | Lair:1   | Found a runed translucent gate.
 13617 | Lair:1   | Found a runed translucent gate.
 13822 | Lair:1   | Found a dark tunnel.
 13830 | Volcano  | Entered a volcano
 13856 | Volcano  | Noticed a sun demon
 13862 | Volcano  | Noticed a sun demon
 13876 | Volcano  | Killed a sun demon
 13877 | Volcano  | Reached skill level 5 in Polearms
 13881 | Volcano  | Killed a sun demon
 13882 | Volcano  | Reached skill level 10 in Fighting
 13941 | Volcano  | Noticed a sun demon
 13942 | Volcano  | Noticed a sun demon
 13965 | Volcano  | Gained mutation: You are agile. (Dex +4, Str/Int -1)
                  | [potion of mutation]
 13965 | Volcano  | Gained mutation: You have a pair of small horns on your
                  | head. [potion of mutation]
 13965 | Volcano  | Gained mutation: You are frail. (-10% HP) [potion of
                  | mutation]
 13968 | Volcano  | Mangled by a sun demon

Illustrated notes

Levels and vault maps discovered:
D:1:      dpeg_arrival_prison, layout_rooms, ebering_ecumenical_altar_ruins,
          serial_rivers, chequers_serial_rivers_small_a,
          chequers_serial_rivers_small_b, chequers_serial_rivers_large_a,
          chequers_serial_rivers_room_b, chequers_serial_rivers_micro_c,
          chequers_serial_rivers_marsh, chequers_serial_rivers_marsh
D:2:      minmay_spotlight, layout_loops_corners, minivault_19,
          minmay_joined_circles
D:3:      layout_rooms, serial_aquarium, aquarium_bridge_square
          [aquarium_subvault_window, aquarium_subvault_bridge,
          aquarium_subvault_bridge, aquarium_subvault_window],
          aquarium_window_fake, aquarium_window_corner, aquarium_view_2d,
          aquarium_view_2f, aquarium_pool_2, serial_shops,
          nicolae_shop_behind_doors, nicolae_shop_temple_entry_statues_fountains
D:4:      layout_loops_corners, uniq_crazy_yiuf_cottage
D:5:      layout_basic, mainiacjoe_overflow_tiny_flanked, uniq_sigmund,
          uniq_grinder
D:6:      layout_cave_pods, serial_shops, shop
D:7:      layout_basic, temple_statues, minivault_14, serial_bayou_lagoon_b
D:8:      layout_cave_pods, okawaru_gym_becter, minmay_fractal_squares_gapless_5
D:9:      layout_small_grid, lair_entry_dummy, grunt_decor_cap, uniq_grum
D:10:     minmay_bubble_buster, layout_cave_pools, uniq_harold
D:11:     layout_loops_ring, serial_shops, nicolae_inconvenience_store,
          kennysheep_mini, nicolae_sif_muna_little_library
D:12:     layout_loops_ring, orc_0_dummy, minmay_microvault, uniq_snorg,
          uniq_jorgrun, uniq_josephine, uniq_sonja
Temple:   nicolae_temple_bog_church
Lair:1:   layout_regular_city, maelrawn_ghost_gauntlet_escape,
          lightli_volcano_entry_magma_tube, uniq_urug
Volcano:  hellmonk_smoking_crater

Skill      XL: |  1  2  3  4  5  6  7  8  9 10 11 |
---------------+----------------------------------+-----
Dodging        | 2 3 4 5 6 7 8 |  8.3
Axes           | 1 2 4 5 6 |  6.2
Stealth        | 4 5 6 7 8 |  8.2
Fighting       | 4 5 6 7 9 10 | 10.1
Staves         | 2 3 |  3.0
Polearms       | 3 5 |  5.3
Invocations    | 4 |  4.1
Maces & Flails | |  2.7

Action                   |  1- 3 |  4- 6 |  7- 9 | 10-12 || total
-------------------------+-------+-------+-------+-------++-------
Melee: Mace              |    60 |       |       |       ||    60
       Tailslap          |     5 |    19 |    15 |    47 ||    86
       Spear             |       |    41 |       |       ||    41
       Halberd           |       |    80 |   153 |   337 ||   570
 Fire: Arbalest          |    50 |    85 |       |       ||   135
Invok: Upheaval          |       |       |       |     1 ||     1
 Abil: Rolling Charge    |     1 |     8 |       |    17 ||    26
Evoke: Wand              |       |       |     1 |       ||     1
  Use: Potion            |     2 |     4 |       |     3 ||     9
       Scroll            |       |     6 |     5 |     8 ||    19
 Stab: Invisible         |     3 |       |       |       ||     3
       Sleeping          |     1 |       |     4 |     2 ||     7
Armor: Leather armour    |    34 |       |       |       ||    34
       Scale mail        |    36 |   116 |   122 |    82 ||   356
       Skin              |       |     2 |       |       ||     2
       Acid dragon scale |       |       |       |   103 ||   103
       Chain mail        |       |       |       |   124 ||   124
Dodge: Dodged            |    57 |    97 |    61 |   227 ||   442
Block: Other             |       |       |       |    34 ||    34

Table legend: (Time is in decaauts)
 A = Elapsed time spent in this place.
 B = Non-inter-level travel time spent in this place.
 C = Inter-level travel time spent in this place.
 D = Time resting spent in this place.
 E = Time spent auto-exploring this place.
 F = Levels seen in this place.
 G = Mean time per level.
                   A        B        C        D        E       F      G
               +--------+--------+--------+--------+--------+-----+--------+
         Total |  14360 |  13806 |    554 |   1715 |   9225 |  15 |  957.3 |
       Dungeon |  13591 |  13053 |    538 |   1715 |   9063 |  12 | 1132.6 |
        Temple |    196 |    181 |     15 |      0 |    162 |   1 |  196.0 |
          Lair |    426 |    426 |      0 |      0 |      0 |   1 |  426.0 |
       Volcano |    146 |    146 |      0 |      0 |      0 |   1 |  146.0 |
               +--------+--------+--------+--------+--------+-----+--------+

Top non-repeatable levels by time:
     D:2: 2563 daAuts
     D:4: 1636 daAuts
     D:8: 1298 daAuts
     D:9: 1246 daAuts
     D:7: 1149 daAuts
     D:3: 1104 daAuts
    D:11: 1065 daAuts
    D:10: 1027 daAuts
     D:6: 936 daAuts
     D:1: 824 daAuts
     D:5: 716 daAuts
  Lair:1: 426 daAuts
  Temple: 196 daAuts
 Volcano: 146 daAuts
    D:12: 21 daAuts
